AoeStats
← JAGR | Javi

Arena

509735826Analyzed
1v1 RM · 4d ago on Sep 27, 2026· 40m 30s· 2 players
Game mode
Random Map
Map size
Tiny (2 player)
Population
200
Speed
Normal
Resources
Standard
Victory
Conquest
Starting age
Dark Age
Ending age
Imperial Age
RankedLock teamsTeams togetherTeam positionsShared explorationLock speedFull tech treeHidden civsTurbo modeCheats
Victory
Defeat
🇨🇴 Poles · Colombia
1124
+16
🇵🇪 Italians · Peru
1126
-16
Maxirod
6:05 Loom
9:01 Feudal Age
11:56 Man-at-Arms
12:37 Double-Bit Axe
12:35 Horse Collar
22:19 Castle Age
21:22 Gold Mining
21:27 Stone Mining
23:39 Fletching
23:49 Padded Archer Armor
25:52 Bodkin Arrow
26:12 Leather Archer Armor
25:23 Elite Skirmisher
31:39 Imperial Age
30:12 Stone Shaft Mining
35:08 Lechitic Legacy
34:18 Pikeman
35:00 Squires
34:45 Arson
34:56 Elite Obuch
35:58 Conscription
37:52 Bracer
38:04 Forging
37:54 Scale Mail Armor
38:11 Cavalier
39:15 Ballistics
40:24 Heavy Plow
42:08 Chemistry
JAGR | Javi
6:34 Loom
10:23 Feudal Age
9:05 Loom
14:04 Castle Age
13:53 Fletching
21:59 Wheelbarrow
24:24 Double-Bit Axe
28:21 Bodkin Arrow
34:17 Imperial Age
33:04 Scale Barding Armor
33:52 Hand Cart
34:04 Forging
35:05 Husbandry
34:54 Cavalier
38:14 Iron Casting
39:30 Light Cavalry
Connection lost

Rejoining the realm…

Still unreachable

The connection could not be restored.

Session expired

The server has moved on; the page needs a fresh start.